 Dungeon Crawl Stone Soup version 0.23-a0-319-gb40ba49 (webtiles) character file.

476712 Gorice the Tortoise (level 24, -21/191 HPs)
             Began as a Gnoll Wanderer on Oct 7, 2018.
             Was the Champion of Okawaru.
             Killed from afar by a deep elf annihilator (65 damage)
             ... with a crystal spear
             ... on level 3 of the Elven Halls on Oct 14, 2018.
             The game lasted 06:51:50 (67881 turns).

Gorice the Tortoise (Gnoll Wanderer)               Turns: 67881, Time: 06:51:51

Health: -21/191    AC: 39    Str: 21      XL:     24   Next: 78%
Magic:  42/42      EV: 20    Int: 29      God:    Okawaru [******]
Gold:   1339       SH: 15    Dex: 17 (18) Spells: 12/54 levels left

rFire    + . .     SeeInvis +   a - +10 demon whip "Jelly's Curse" {elec, rElec Int+3}
rCold    . . .     Gourm    .   O - +1 shield {AC+3}
rNeg     + . .     Faith    .   b - +2 pearl dragon scales
rPois    .         Spirit   .   T - +1 helmet {Int+3}
rElec    +         Reflect  .   o - +2 cloak {MR+}
rCorr    .         Harm     .   r - +3 pair of gauntlets of War {Slay+5}
MR       ++...                  h - +1 pair of boots {Fly}
Stlth    +++++.....             X - amulet of regeneration
HPRegen  0.81/turn              D - +3 ring of protection
MPRegen  0.28/turn              f - ring of the Skies Above {rF+ Dex+4 SInv}

@: about to teleport, studying Crossbows
A: distributed training, fangs 1, clever 1, deterioration 1, strong nose
}: 2/15 runes: serpentine, barnacled
a: Heroism, Finesse, Renounce Religion, Evoke Flight


You were on level 3 of the Elven Halls.
You worshipped Okawaru.
Okawaru was exalted by your worship.
You were not hungry.

You visited 9 branches of the dungeon, and saw 42 of its levels.
You also visited: Labyrinth, Sewer, Ossuary, Bailey, Volcano and Wizlab.

You collected 4606 gold pieces.
You spent 3267 gold pieces at shops.

Inventory:

Hand Weapons
 a - the +10 demon whip "Jelly's Curse" (weapon) {elec, rElec Int+3}
   (Okawaru gifted it to you on level 2 of the Shoals)

   Occasionally, upon striking a foe, it will discharge some electrical energy
   and cause terrible harm.
   It affects your intelligence (+3).
   It insulates you from electricity.
 B - a +6 blowgun
Missiles
 H - 10 javelins of returning (quivered)
 K - 14 curare-tipped needles
 Z - 2 throwing nets {!f}
Armour
 b - +2 pearl dragon scales (worn)
 h - a +1 pair of boots of flying (worn)
   (You found it on level 12 of the Dungeon)
 o - a +2 cloak of magic resistance (worn)
   (You took it off Crazy Yiuf on level 2 of the Dungeon)
 r - the +3 pair of gauntlets of War (worn) {Slay+5}
   (Okawaru gifted it to you on level 4 of the Vaults)

   It affects your accuracy and damage with ranged weapons and melee attacks
   (+5).
 O - a +1 shield of protection (worn)
   (You took it off a tengu warrior on level 15 of the Dungeon)
 T - a +1 helmet of intelligence (worn)
   (Okawaru gifted it to you on level 12 of the Dungeon)
Jewellery
 c - a ring of the Octopus King {rC+ AC+1 EV+1 Str+1 Int+1 Dex+1}
   (You took it off a vampire on level 3 of the Crypt)

   [ring of protection from cold]

   It affects your AC (+1).
   It affects your evasion (+1).
   It affects your strength (+1).
   It affects your intelligence (+1).
   It affects your dexterity (+1).
   It protects you from cold.
 f - the ring of the Skies Above (right hand) {rF+ Dex+4 SInv}
   (You found it in a wizard's laboratory)

   [ring of protection from fire]

   It affects your dexterity (+4).
   It protects you from fire.
   It lets you see invisible.
 p - the ring "Nexupp" {rPois Dex+4}
   (You found it in a wizard's laboratory)

   [ring of dexterity]

   It affects your dexterity (+4).
   It protects you from poison.
 C - an uncursed ring of resist corrosion
 D - a +3 ring of protection (left hand)
 E - an uncursed ring of positive energy
 X - an amulet of regeneration (around neck)
Wands
 l - a wand of disintegration (8)
 m - a wand of scattershot (7)
 s - a wand of digging (42)
 w - a wand of paralysis (61)
 J - a wand of enslavement (32)
 P - a wand of acid (19)
Scrolls
 n - 2 scrolls of summoning {!r}
 q - 16 scrolls of remove curse
 v - 4 scrolls of fog
 x - 25 scrolls of teleportation {!r}
 A - 10 scrolls of magic mapping {!r}
 M - 6 scrolls of fear {!r}
 N - 11 scrolls of identify
 Q - 7 scrolls of blinking
 R - 2 scrolls of amnesia
Potions
 e - 7 potions of curing
 g - 7 potions of haste {!q}
 i - a potion of flight
 j - 6 potions of agility {!q}
 k - 2 potions of resistance {!q}
 y - a potion of cancellation {!q}
 z - 9 potions of might {!q}
 W - 8 potions of heal wounds {!q}
Books
 S - a manual of Crossbows {!d}
Miscellaneous
 I - a box of beasts
 L - a lightning rod (4/4) {!a}
Comestibles
 d - 67 rations


   Skills:
 + Level 15.8 Fighting
 + Level 15.7 Short Blades
 + Level 15.7 Long Blades
 + Level 16.2 Axes
 + Level 15.7 Maces & Flails
 + Level 15.7 Polearms
 + Level 15.7 Staves
 + Level 15.7 Slings
 + Level 15.8 Bows
 + Level 16.2 Crossbows
 + Level 15.7 Throwing
 + Level 17.3 Armour
 + Level 15.7 Dodging
 + Level 15.7 Stealth
 + Level 15.7 Shields
 + Level 15.7 Unarmed Combat
 + Level 15.7 Spellcasting
 + Level 13.5 Conjurations
 + Level 13.5 Hexes
 + Level 13.5 Charms
 + Level 13.5 Summonings
 + Level 13.5 Necromancy
 + Level 13.5 Translocations
 + Level 13.5 Transmutations
 + Level 13.5 Fire Magic
 + Level 13.5 Ice Magic
 + Level 13.5 Air Magic
 + Level 13.5 Earth Magic
 + Level 13.5 Poison Magic
 + Level 16.9 Invocations
 + Level 16.2 Evocations


You had 12 spell levels left.
You knew the following spells:

 Your Spells              Type           Power        Failure   Level  Hunger
b - Conjure Flame         Conj/Fire      #######.     1%          3    None
c - Confuse               Hex            #######.     1%          3    None
d - Lee's Rapid Deconstr  Erth           #######...   1%          5    None
f - Cause Fear            Hex            #######...   1%          4    None
p - Portal Projectile     Hex/Tloc       ######       1%          3    None
s - Animate Skeleton      Necr           N/A          1%          1    None
v - Summon Mana Viper     Hex/Summ       #######.     1%          5    None
y - Yara's Violent Unrav  Hex/Tmut       #######...   1%          5    None
A - Apportation           Tloc           ######       1%          1    None
B - Summon Butterflies    Summ           #######.     1%          1    None
F - Freezing Cloud        Conj/Ice/Air   #######...   2%          6    ###....
J - Blink                 Tloc           N/A          1%          2    None
R - Regeneration          Chrm/Necr      #######...   1%          3    None

Your spell library contained the following spells:

 Spells                   Type           Power        Failure   Level  Hunger
 Beastly Appendage        Tmut           ######       1%          1    None
 Confusing Touch          Hex            ######       1%          1    None
 Corona                   Hex            #######      1%          1    None
 Magic Dart               Conj           ####         1%          1    None
 Pain                     Necr           ####         1%          1    None
 Sandblast                Erth           ######       1%          1    None
 Summon Small Mammal      Summ           ####         1%          1    None
 Call Imp                 Summ           #######.     1%          2    None
 Corpse Rot               Necr           N/A          1%          2    None
 Passwall                 Tmut/Erth      #######.     1%          2    None
 Poisonous Vapours        Pois/Air       ######       1%          2    None
 Shroud of Golubria       Chrm/Tloc      #######...   1%          2    None
 Slow                     Hex            #######.     1%          2    None
 Sticks to Snakes         Tmut           #######.     1%          2    None
 Call Canine Familiar     Summ           #######.     1%          3    None
 Gell's Gravitas          Tloc           #######...   1%          3    None
 Ignite Poison            Fire/Tmut/Pois #######.     1%          3    None
 Inner Flame              Hex/Fire       #######.     1%          3    None
 Lesser Beckoning         Tloc           #######...   1%          3    None
 Mephitic Cloud           Conj/Pois/Air  #######.     1%          3    None
 Spider Form              Tmut/Pois      #######...   1%          3    None
 Stone Arrow              Conj/Erth      ######       1%          3    None
 Teleport Other           Tloc           #######.     1%          3    None
 Tukima's Dance           Hex            #######.     1%          3    None
 Animate Dead             Necr           N/A          1%          4    None
 Ice Form                 Ice/Tmut       #######.     1%          4    None
 Leda's Liquefaction      Hex/Erth       #######...   1%          4    None
 Passage of Golubria      Tloc           N/A          1%          4    None
 Petrify                  Tmut/Erth      #######.     1%          4    None
 Summon Ice Beast         Ice/Summ       #######.     1%          4    None
 Alistair's Intoxication  Tmut/Pois      #######.     1%          5    None
 Blade Hands              Tmut           #######...   1%          5    None
 Bolt of Draining         Conj/Necr      #######...   1%          5    None
 Irradiate                Conj/Tmut      #######...   1%          5    None
 Metabolic Englaciation   Hex/Ice        #######...   1%          5    None
 Hydra Form               Tmut           #######...   2%          6    ###....
 Invisibility             Hex            #######.     2%          6    ###....
 Poison Arrow             Conj/Pois      #######...   2%          6    ###....
 Statue Form              Tmut/Erth      #######..    2%          6    ###....
 Dragon Form              Tmut           #######...   16%         7    #####..
 Ring of Flames           Chrm/Fire      #######...   16%         7    #####..
 Summon Hydra             Summ           #######...   16%         7    #####..
 Chain Lightning          Conj/Air       #######...   75%         8    ######.
 Death's Door             Chrm/Necr      #######...   75%         8    ######.
 Lehudib's Crystal Spear  Conj/Erth      #######...   75%         8    ######.
 Fire Storm               Conj/Fire      #######...   100%        9    #######
 Glaciate                 Conj/Ice       #######...   100%        9    #######


Dungeon Overview and Level Annotations

Branches:
Dungeon (15/15)            Temple (1/1) D:7            Lair (6/6) D:10
 Shoals (4/4) Lair:3        Snake (4/4) Lair:3        Slime (0/5) Lair:6
    Orc (2/2) D:12            Elf (3/3) Orc:2        Vaults (4/5) D:13
  Crypt (3/3) Vaults:2       Tomb (0/3) Crypt:3      Depths (0/5) D:15

Altars:
Ashenzari
Cheibriados
Dithmenos
Elyvilon
Fedhas
Gozag
Hepliaklqana
Kikubaaqudgha
Makhleb
Nemelex Xobeh
Okawaru
Qazlal
Ru
Sif Muna
Trog
Uskayaw
Vehumet
Wu Jian
Xom
Yredelemnul
Zin
The Shining One
Beogh
Jiyva

Shops:
D:9 *   D:11 (   D:14 =   Orc:2 ([=[   Elf:3 %   Snake:1 (   Snake:4 *
Vaults:2 }

Portals:
Hell: Lair:6

Annotations:
D:1 1 exclusion


Innate Abilities, Weirdness & Mutations

Your experience applies equally to all skills.
You have very sharp teeth.
Your uncanny sense of smell can sniff out nearby items.
Your mind is acute. (Int +2)
Your body sometimes deteriorates upon taking damage.


Message History

You hear a shout!
The deep elf master archer shoots an arrow.
The arrow barely misses you.
You see here an arrow.
You feel sick.
The deep elf master archer shoots an arrow.
The arrow hits you!!
* * * LOW HITPOINT WARNING * * *
There is an open door, spattered with blood here.
You see here an arrow.
Damage: 32 (max 75) Really quaff
W - 10 potions of heal wounds {!q}?
You feel much better.
You feel sick.
The deep elf master archer shoots an arrow.
You block the arrow.
Unknown command.
You feel sick.
The deep elf master archer shoots an arrow.
You block the arrow.
You see here an arrow.
Really read
x - 27 scrolls of teleportation {!r}?
As you read the scroll of teleportation {!r}, it crumbles to dust.
You feel strangely unstable.
You feel sick.
You feel better.
The deep elf master archer shoots an arrow.
The arrow hits you!
* * * LOW HITPOINT WARNING * * *
You see here an arrow.
Damage: 13 (max 13)
Casting: Confuse (safe; 1% risk of failure)
Confirm with . or Enter, or press ? or * to list all spells.
Aiming: Confuse (safe; 1% risk of failure)
Press: ? - help, Shift-Dir - straight line, f/p - deep elf master archer
Aim: a deep elf master archer, wielding a longbow and wearing a leather armour
Okay, then.
As you read the scroll of fog, it crumbles to dust.
The scroll dissolves into smoke.
Your surroundings suddenly seem different.
Found twenty-eight items.
A deep elf annihilator and 2 deep elf death magi come into view.
There are monsters nearby!
Really read
x - 26 scrolls of teleportation {!r}?
As you read the scroll of teleportation {!r}, it crumbles to dust.
You feel strangely unstable.
The deep elf death mage shouts!
The deep elf annihilator shouts!
Really quaff
W - 9 potions of heal wounds {!q}?
You feel much better.
The deep elf annihilator casts a spell at you.
The crystal spear hits you!
You die...

#...#..
#...#..
#...#..
#...#..
#...#..
#...#.[
#...#..
######$[#
#...'.^
#$@$e$:$#
###'#..
#:$|$))|!$$##
.).#..
):$[$/$)$$$##
#...#..
|$[e}())|$##
#...#..
$:$e$}$[###
#...#..
|$"$[$###
#...+..
###### #...
..


You could see a deep elf annihilator and 2 deep elf death magi.

Vanquished Creatures
  An ancient lich (Crypt:1)
  Mennas (Vaults:2)
  Nikola (Elf:3)
  2 curse toes (Crypt:3)
  The ghost of Cuqew the Executioner, an adept DsBe of Trog (Vaults:2)
  4 liches
  A shard shrike skeleton (Crypt:2)
  A moon troll (WizLab)
  Frances (D:14)
  6 tentacled starspawn (WizLab)
  Kirke (Shoals:2)
  8 ancient champions
  A tengu reaver (Vaults:2)
  4 revenants
  10 nagarajas
  2 orc warlords
  A deep elf sorcerer (Vaults:2)
  6 curse skulls
  15 vault wardens
  11 ironheart preservers
  2 cacodemons (WizLab)
  8 ghouls
  15 very ugly things
  The ghost of Wosoitawn the Eclecticist, an adept DESu of Vehumet (Snake:1)
  14 stone giants
  2 war gargoyles (WizLab)
  10 vampire knights
  5 entropy weavers
  3 deep elf demonologists
  The ghost of Todyroat the Unseen, a journeyman SpVM of Gozag (Shoals:2)
  4 deep elf annihilators
  A dire elephant (Lair:6)
  3 eidola
  A minotaur (Lab)
  4 deep elf death magi
  2 starcursed masses (WizLab)
  5 fire dragons
  6 merfolk impalers
  The ghost of coffeespoons the Grappler, a journeyman TrMo of Okawaru (D:12)
  3 ettins
  9 yaktaur captains
  6 jiangshi
  A deep elf high priest (Elf:2)
  A crystal guardian (WizLab)
  4 merfolk javelineers
  11 naga warriors
  Fannar (D:12)
  6 great orbs of eyes
  2 rakshasas
  20 vault guards
  5 ice dragons
  11 hydras
  62 two-headed ogres
  12 centaur warriors
  A death knight (Crypt:1)
  5 death yaks
  12 anacondas
  14 ogre magi
  30 dancing weapons
  6 merfolk aquamancers (Shoals:4)
  4 deep troll shamans
  5 vampire magi
  5 merfolk avatars
  6 deep troll earth magi
  3 tengu warriors
  A satyr (Shoals:4)
  A titan zombie (Crypt:2)
  5 shock serpents
  2 soul eaters (Crypt:3)
  Sonja (D:12)
  11 naga sharpshooters
  Nergalle (D:11)
  18 deep elf knights
  5 orc high priests
  21 skeletal warriors
  4 salamander mystics
  A sixfirhy (Lair:6)
  6 shadow wraiths
  A storm dragon skeleton (Crypt:1)
  An unseen horror (D:14)
  A wretched star (WizLab)
  2 flayed ghosts
  7 sea snakes
  5 glowing orange brains (WizLab)
  A shadow dragon zombie (Crypt:3)
  7 wizards
  16 deep trolls
  7 deep elf archers
  13 ironbrand convokers
  An orange crystal statue (WizLab)
  10 naga ritualists
  3 necromancers
  17 orc knights
  22 harpies
  Pikel (D:6)
  11 phantasmal warriors
  A shadow dragon skeleton (Crypt:3)
  19 salamanders
  43 deep elf magi
  31 ugly things
  A stone giant zombie (Crypt:3)
  4 mana vipers
  7 cyclopes
  4 wolf spiders
  9 orc sorcerers
  A fire giant skeleton (Crypt:3)
  13 manticores
  13 elephants
  5 fauns
  6 merfolk sirens
  17 vault sentinels
  A guardian serpent (shapeshifter) (Vaults:1)
  3 eyes of devastation (WizLab)
  A torpor snail (Lair:6)
  30 black mambas
  27 naga magi
  Psyche (D:10)
  10 spiny frogs
  4 gargoyles
  9 water nymphs
  4 rime drakes
  An orange demon (Lair:6)
  2 emperor scorpion zombies
  A kobold demonologist (D:13)
  A black draconian zombie (Crypt:2)
  32 yaktaurs
  A catoblepas zombie (Crypt:1)
  A komodo dragon (shapeshifter) (Vaults:1)
  2 dire elephant skeletons (Crypt:3)
  9 freezing wraiths
  6 komodo dragons
  A yaktaur (shapeshifter) (D:13)
  3 ice devils (Lair:6)
  A guardian mummy (Crypt:3)
  A minotaur skeleton (Lab)
  A sea snake skeleton (Crypt:1)
  A hellwing (Lair:6)
  A pale draconian skeleton (Crypt:2)
  10 trolls
  A troll (shapeshifter) (Vaults:4)
  A queen bee (Lair:2)
  19 merfolk
  A hornet (shapeshifter) (Vaults:2)
  4 polar bears (D:14)
  A red devil (Lair:6)
  A jumping spider (Vaults:1)
  16 dream sheep
  Prince Ribbit (D:6)
  2 hornets
  2 wind drakes
  2 jumping spider zombies
  A hippogriff (shapeshifter) (Vaults:1)
  9 blink frogs
  A bog body (Crypt:2)
  9 snapping turtles
  29 slime creatures
  An iron dragon simulacrum (Crypt:3)
  A redback (shapeshifter) (D:14)
  A stone giant simulacrum (Vaults:3)
  5 air elementals
  12 hippogriffs
  A spriggan (shapeshifter) (Vaults:2)
  15 flying skulls
  5 shadows
  An ettin skeleton (Crypt:3)
  An alligator skeleton (Crypt:3)
  5 centaur simulacra
  10 redbacks
  5 vampires (Crypt:3)
  9 water elementals
  5 wraiths
  Sigmund (D:6)
  30 yaks
  11 wyverns
  3 fire elementals
  3 basilisks
  4 hogs (Shoals:2)
  6 fire bats (Volcano)
  4 golden eyes (WizLab)
  7 vampire mosquitoes
  4 hungry ghosts
  3 neqoxecs (WizLab)
  2 steam dragons (Volcano)
  13 wargs
  38 nagas
  4 acid dragons
  A swamp worm (shapeshifter) (Vaults:4)
  31 water moccasins
  A monstrous demonspawn skeleton (Crypt:3)
  10 porcupines
  7 ice beasts
  5 hell hounds (Lair:6)
  A merfolk skeleton (Crypt:3)
  53 orc warriors
  Purgy (Sewer)
  2 black bears
  6 sky beasts
  2 spiny frog skeletons
  A manticore zombie (Crypt:3)
  An elephant zombie (Crypt:1)
  A meliai simulacrum (D:14)
  An eye of draining (D:15)
  7 necrophages
  34 ogres
  A hornet zombie (Ossuary)
  3 phantoms
  6 boggarts (Vaults:2)
  A centaur (shapeshifter) (Vaults:2)
  A dream sheep skeleton (Crypt:1)
  22 wolves
  A blink frog skeleton (Crypt:3)
  41 centaurs
  A hog zombie (Crypt:1)
  23 crocodiles
  A komodo dragon zombie (Crypt:3)
  4 big kobolds
  14 bullfrogs
  A salamander zombie (Crypt:3)
  A wyvern zombie (D:9)
  3 earth elementals (Elf:1)
  A water moccasin skeleton (Crypt:1)
  3 wyvern skeletons
  3 scorpions
  A human simulacrum (Vaults:1)
  54 killer bees
  7 electric eels
  3 wights (D:15)
  2 bullfrog zombies (Ossuary)
  2 howler monkeys (D:11)
  6 centaur zombies
  2 lava snakes
  6 crimson imps
  4 quasits
  A wolf skeleton (Crypt:1)
  23 orc priests
  Crazy Yiuf (D:2)
  7 hounds
  4 jellies
  3 bullfrog skeletons
  49 orc wizards
  5 centaur skeletons
  Jessica (D:2)
  3 iguanas
  7 hell rats (Lair:4)
  15 worker ants
  A felid zombie (Crypt:3)
  A tengu zombie (Crypt:3)
  An ogre skeleton (Crypt:1)
  A big kobold skeleton (Crypt:3)
  A demigod skeleton (Crypt:2)
  An acid dragon skeleton (Crypt:3)
  2 hound skeletons (D:8)
  6 hound zombies
  29 mummies
  2 worker ant zombies
  8 gnolls
  A howler monkey skeleton (D:6)
  29 adders
  A steam dragon skeleton (Crypt:1)
  3 shadow imps
  3 white imps (D:14)
  An ufetubus (D:14)
  A worm zombie (D:4)
  An adder skeleton (D:10)
  An adder zombie (Crypt:2)
  5 worms
  A dart slug (D:3)
  9 leopard geckos
  116 orcs
  3 ball pythons
  4 giant cockroaches
  13 goblins
  19 hobgoblins
  6 jackals
  12 quokkas
  10 bats
  9 frilled lizards
  3 giant cockroach zombies (Ossuary)
  A jackal zombie (Ossuary)
  30 kobolds
  A leopard gecko skeleton (D:3)
  A leopard gecko zombie (Ossuary)
  2 quokka skeletons
  2 quokka zombies (Ossuary)
  9 rats
  A fungus (Lair:6)
  4 plants (Volcano)
  6 starspawn tentacles (WizLab)
  A withered plant (Crypt:3)
2127 creatures vanquished.

Vanquished Creatures (others)
  A jiangshi (Vaults:2)
  A death knight (Crypt:1)
  An ugly thing (D:14)
  A salamander (Snake:2)
  A dream sheep (Shoals:2)
  2 wyverns (Volcano)
  A human (Shoals:2)
  A centaur (Vaults:4)
  2 orc wizards (Orc:2)
  A kobold (D:1)
  2 demonic plants (WizLab)
  16 fungi
  66 plants
  19 starspawn tentacles (WizLab)
  5 withered plants
120 creatures vanquished.

Grand Total: 2247 creatures vanquished

Notes
Turn   | Place    | Note
-------+----------+-------------------------------------------
     0 | D:1      | Gorice the Gnoll Wanderer began the quest for the Orb.
     0 | D:1      | Gorice set off with: a +2 hand axe, a +0 ring mail, a wand
                  | of random effects (15), a ration
     0 | D:1      | Reached XP level 1. HP: 17/17 MP: 3/3
    62 | D:1      | Reached XP level 2. HP: 23/23 MP: 5/5
   885 | D:1      | Reached XP level 3. HP: 24/28 MP: 6/6
  1569 | D:2      | Noticed Jessica
  1601 | D:2      | Reached skill level 1 in Invocations
  1712 | D:2      | Killed Jessica
  1712 | D:2      | Reached skill level 1 in Short Blades
  1712 | D:2      | Reached skill level 1 in Long Blades
  1712 | D:2      | Reached skill level 1 in Maces & Flails
  1712 | D:2      | Reached skill level 1 in Polearms
  1712 | D:2      | Reached skill level 1 in Staves
  1712 | D:2      | Reached skill level 1 in Slings
  1712 | D:2      | Reached skill level 1 in Crossbows
  1712 | D:2      | Reached skill level 1 in Throwing
  1712 | D:2      | Reached skill level 1 in Dodging
  1712 | D:2      | Reached skill level 1 in Stealth
  1712 | D:2      | Reached skill level 1 in Shields
  1712 | D:2      | Reached skill level 1 in Unarmed Combat
  1712 | D:2      | Reached skill level 1 in Spellcasting
  1712 | D:2      | Reached XP level 4. HP: 27/34 MP: 7/7
  2033 | D:2      | Reached skill level 1 in Conjurations
  2033 | D:2      | Reached skill level 1 in Hexes
  2033 | D:2      | Reached skill level 1 in Charms
  2033 | D:2      | Reached skill level 1 in Summonings
  2033 | D:2      | Reached skill level 1 in Necromancy
  2033 | D:2      | Reached skill level 1 in Translocations
  2033 | D:2      | Reached skill level 1 in Transmutations
  2033 | D:2      | Reached skill level 1 in Fire Magic
  2033 | D:2      | Reached skill level 1 in Ice Magic
  2033 | D:2      | Reached skill level 1 in Air Magic
  2033 | D:2      | Reached skill level 1 in Earth Magic
  2033 | D:2      | Reached skill level 1 in Poison Magic
  2049 | D:2      | Found a deep blue altar of Sif Muna.
  2112 | D:2      | Reached XP level 5. HP: 27/40 MP: 8/8
  2231 | D:2      | Found a runed door.
  2235 | D:2      | Noticed Crazy Yiuf
  2242 | D:2      | Killed Crazy Yiuf
  2545 | D:3      | Reached skill level 3 in Fighting
  2545 | D:3      | Reached skill level 3 in Bows
  2739 | D:3      | Found a glowing drain.
  2757 | Sewer    | Entered a sewer
  2808 | Sewer    | Noticed Purgy
  2817 | Sewer    | Killed Purgy
  2817 | Sewer    | Reached skill level 2 in Invocations
  2817 | Sewer    | Reached XP level 6. HP: 41/47 MP: 9/9
  2971 | D:3      | Found a sacrificial altar of Ru.
  3159 | D:3      | Reached skill level 5 in Axes
  3159 | D:3      | Reached skill level 5 in Evocations
  3479 | D:3      | Reached skill level 2 in Short Blades
  3479 | D:3      | Reached skill level 2 in Long Blades
  3479 | D:3      | Reached skill level 2 in Maces & Flails
  3479 | D:3      | Reached skill level 2 in Polearms
  3479 | D:3      | Reached skill level 2 in Staves
  3479 | D:3      | Reached skill level 2 in Slings
  3479 | D:3      | Reached skill level 2 in Crossbows
  3479 | D:3      | Reached skill level 2 in Throwing
  3479 | D:3      | Reached skill level 2 in Dodging
  3479 | D:3      | Reached skill level 2 in Stealth
  3479 | D:3      | Reached skill level 2 in Shields
  3479 | D:3      | Reached skill level 2 in Unarmed Combat
  3479 | D:3      | Reached skill level 2 in Spellcasting
  3958 | D:4      | Reached XP level 7. HP: 47/52 MP: 10/10
  3974 | D:4      | Found a sand-covered staircase.
  4019 | Ossuary  | Entered an ossuary
  4291 | Ossuary  | Reached skill level 2 in Conjurations
  4291 | Ossuary  | Reached skill level 2 in Hexes
  4291 | Ossuary  | Reached skill level 2 in Charms
  4291 | Ossuary  | Reached skill level 2 in Summonings
  4291 | Ossuary  | Reached skill level 2 in Necromancy
  4291 | Ossuary  | Reached skill level 2 in Translocations
  4291 | Ossuary  | Reached skill level 2 in Transmutations
  4291 | Ossuary  | Reached skill level 2 in Fire Magic
  4291 | Ossuary  | Reached skill level 2 in Ice Magic
  4291 | Ossuary  | Reached skill level 2 in Air Magic
  4291 | Ossuary  | Reached skill level 2 in Earth Magic
  4291 | Ossuary  | Reached skill level 2 in Poison Magic
  4456 | Ossuary  | Reached skill level 9 in Armour
  4466 | Ossuary  | HP: 13/53 [bog mummy/puff of frost (8)]
  4467 | Ossuary  | Reached skill level 3 in Invocations
  4473 | Ossuary  | HP: 4/53 [mummy (11)]
  4978 | Ossuary  | Reached XP level 8. HP: 58/60 MP: 12/12
  5134 | Ossuary  | Reached skill level 4 in Fighting
  5134 | Ossuary  | Reached skill level 3 in Short Blades
  5134 | Ossuary  | Reached skill level 3 in Long Blades
  5134 | Ossuary  | Reached skill level 3 in Maces & Flails
  5134 | Ossuary  | Reached skill level 3 in Polearms
  5134 | Ossuary  | Reached skill level 3 in Staves
  5134 | Ossuary  | Reached skill level 3 in Slings
  5134 | Ossuary  | Reached skill level 4 in Bows
  5134 | Ossuary  | Reached skill level 3 in Crossbows
  5134 | Ossuary  | Reached skill level 3 in Throwing
  5134 | Ossuary  | Reached skill level 3 in Dodging
  5134 | Ossuary  | Reached skill level 3 in Stealth
  5134 | Ossuary  | Reached skill level 3 in Shields
  5134 | Ossuary  | Reached skill level 3 in Unarmed Combat
  5134 | Ossuary  | Reached skill level 3 in Spellcasting
  5495 | D:4      | Found a shattered altar of Ashenzari.
  5595 | D:4      | Found an opulent altar of Gozag.
  5596 | D:4      | Found a sparkling altar of Nemelex Xobeh.
  5842 | D:5      | Entered Level 5 of the Dungeon
  6388 | D:5      | Reached skill level 4 in Invocations
  6400 | D:5      | Reached skill level 3 in Conjurations
  6400 | D:5      | Reached skill level 3 in Hexes
  6400 | D:5      | Reached skill level 3 in Charms
  6400 | D:5      | Reached skill level 3 in Summonings
  6400 | D:5      | Reached skill level 3 in Necromancy
  6400 | D:5      | Reached skill level 3 in Translocations
  6400 | D:5      | Reached skill level 3 in Transmutations
  6400 | D:5      | Reached skill level 3 in Fire Magic
  6400 | D:5      | Reached skill level 3 in Ice Magic
  6400 | D:5      | Reached skill level 3 in Air Magic
  6400 | D:5      | Reached skill level 3 in Earth Magic
  6400 | D:5      | Reached skill level 3 in Poison Magic
  6400 | D:5      | Reached XP level 9. HP: 57/66 MP: 14/14
  6543 | D:5      | Reached skill level 6 in Axes
  6543 | D:5      | Reached skill level 6 in Evocations
  6792 | D:5      | Reached skill level 4 in Short Blades
  6792 | D:5      | Reached skill level 4 in Long Blades
  6792 | D:5      | Reached skill level 4 in Maces & Flails
  6792 | D:5      | Reached skill level 4 in Polearms
  6792 | D:5      | Reached skill level 4 in Staves
  6792 | D:5      | Reached skill level 4 in Slings
  6792 | D:5      | Reached skill level 4 in Crossbows
  6792 | D:5      | Reached skill level 4 in Throwing
  6792 | D:5      | Reached skill level 4 in Dodging
  6792 | D:5      | Reached skill level 4 in Stealth
  6792 | D:5      | Reached skill level 4 in Shields
  6792 | D:5      | Reached skill level 4 in Unarmed Combat
  6792 | D:5      | Reached skill level 4 in Spellcasting
  7133 | D:6      | Noticed Prince Ribbit
  7200 | D:6      | Reached skill level 5 in Fighting
  7200 | D:6      | Reached skill level 5 in Bows
  7232 | D:6      | Noticed Sigmund
  7246 | D:6      | Killed Sigmund
  7301 | D:6      | Noticed Pikel
  7311 | D:6      | Killed Pikel
  7311 | D:6      | Reached skill level 5 in Invocations
  7388 | D:6      | Killed Prince Ribbit
  7683 | D:6      | Found an ornate altar of the Wu Jian Council.
  7753 | D:7      | Reached XP level 10. HP: 69/74 MP: 17/17
  7818 | D:7      | Reached skill level 4 in Conjurations
  7818 | D:7      | Reached skill level 4 in Hexes
  7818 | D:7      | Reached skill level 4 in Charms
  7818 | D:7      | Reached skill level 4 in Summonings
  7818 | D:7      | Reached skill level 4 in Necromancy
  7818 | D:7      | Reached skill level 4 in Translocations
  7818 | D:7      | Reached skill level 4 in Transmutations
  7818 | D:7      | Reached skill level 4 in Fire Magic
  7818 | D:7      | Reached skill level 4 in Ice Magic
  7818 | D:7      | Reached skill level 4 in Air Magic
  7818 | D:7      | Reached skill level 4 in Earth Magic
  7818 | D:7      | Reached skill level 4 in Poison Magic
  7863 | D:7      | Found a staircase to the Ecumenical Temple.
  7924 | Temple   | Entered the Ecumenical Temple
  7925 | Temple   | Upgraded the game from 0.23-a0-301-g9da9e51 to
                  | 0.23-a0-303-gfcac5de
  8552 | D:7      | Reached skill level 5 in Short Blades
  8552 | D:7      | Reached skill level 5 in Long Blades
  8552 | D:7      | Reached skill level 5 in Maces & Flails
  8552 | D:7      | Reached skill level 5 in Polearms
  8552 | D:7      | Reached skill level 5 in Staves
  8552 | D:7      | Reached skill level 5 in Slings
  8552 | D:7      | Reached skill level 5 in Crossbows
  8552 | D:7      | Reached skill level 5 in Throwing
  8552 | D:7      | Reached skill level 5 in Dodging
  8552 | D:7      | Reached skill level 5 in Stealth
  8552 | D:7      | Reached skill level 5 in Shields
  8552 | D:7      | Reached skill level 5 in Unarmed Combat
  8552 | D:7      | Reached skill level 5 in Spellcasting
  9015 | D:8      | Reached skill level 7 in Axes
  9015 | D:8      | Reached skill level 10 in Armour
  9015 | D:8      | Reached skill level 7 in Evocations
  9033 | D:8      | HP: 22/76 [yak (4)]
  9329 | D:8      | Noticed a two-headed hydra
  9341 | D:8      | Killed a one-headed hydra
  9341 | D:8      | Reached skill level 6 in Fighting
  9341 | D:8      | Reached skill level 6 in Bows
  9341 | D:8      | Reached skill level 6 in Invocations
  9376 | D:8      | Found an iron altar of Okawaru.
  9378 | D:8      | Found a shadowy altar of Dithmenos.
  9391 | D:8      | Found a bloodstained altar of Trog.
  9413 | D:8      | Paralysed by fainting for 12 turns
  9488 | D:8      | Got a faintly glowing trident {flame}
  9489 | D:8      | Identified the cursed +0 trident of the Wilderness {flame,
                  | *Rage rC++ Str+9 Stlth+} (You took it off a gnoll on level
                  | 8 of the Dungeon)
  9835 | D:8      | Reached XP level 11. HP: 38/82 MP: 19/19
  9852 | D:8      | Found a burning altar of Makhleb.
  9896 | D:8      | Found a blossoming altar of Fedhas.
  9914 | D:8      | Became a worshipper of Warmaster Okawaru
 10003 | D:8      | Found a shimmering altar of Xom.
 10235 | D:9      | Found Zofoq's General Store.
 10314 | D:9      | Noticed a cyclops
 10323 | D:9      | Reached * piety under Okawaru
 10325 | D:9      | Reached skill level 6 in Short Blades
 10325 | D:9      | Reached skill level 6 in Long Blades
 10325 | D:9      | Reached skill level 6 in Maces & Flails
 10325 | D:9      | Reached skill level 6 in Polearms
 10325 | D:9      | Reached skill level 6 in Staves
 10325 | D:9      | Reached skill level 6 in Slings
 10325 | D:9      | Reached skill level 6 in Crossbows
 10325 | D:9      | Reached skill level 6 in Throwing
 10325 | D:9      | Reached skill level 6 in Dodging
 10325 | D:9      | Reached skill level 6 in Stealth
 10325 | D:9      | Reached skill level 6 in Shields
 10325 | D:9      | Reached skill level 6 in Unarmed Combat
 10325 | D:9      | Reached skill level 6 in Spellcasting
 10335 | D:9      | Killed a cyclops
 10335 | D:9      | Reached skill level 5 in Conjurations
 10335 | D:9      | Reached skill level 5 in Hexes
 10335 | D:9      | Reached skill level 5 in Charms
 10335 | D:9      | Reached skill level 5 in Summonings
 10335 | D:9      | Reached skill level 5 in Necromancy
 10335 | D:9      | Reached skill level 5 in Translocations
 10335 | D:9      | Reached skill level 5 in Transmutations
 10335 | D:9      | Reached skill level 5 in Fire Magic
 10335 | D:9      | Reached skill level 5 in Ice Magic
 10335 | D:9      | Reached skill level 5 in Air Magic
 10335 | D:9      | Reached skill level 5 in Earth Magic
 10335 | D:9      | Reached skill level 5 in Poison Magic
 10603 | D:9      | Found a flagged portal.
 10644 | Bailey   | Entered a bailey
 10767 | Bailey   | Got a warped plate armour
 10822 | Bailey   | Noticed an orc knight
 10838 | Bailey   | Killed an orc knight
 10838 | Bailey   | Reached ** piety under Okawaru
 10888 | Bailey   | Identified the +7 plate armour "Eshasm" {rC+ Str+2} (You
                  | took it off a hobgoblin in a bailey)
 11520 | D:10     | Entered Level 10 of the Dungeon
 11522 | D:10     | Noticed a two-headed ogre
 11531 | D:10     | Killed a two-headed ogre
 11531 | D:10     | Reached skill level 7 in Invocations
 11565 | D:10     | Reached skill level 7 in Fighting
 11565 | D:10     | Reached skill level 8 in Axes
 11565 | D:10     | Reached skill level 7 in Bows
 11565 | D:10     | Reached skill level 8 in Evocations
 11610 | D:10     | Reached *** piety under Okawaru
 11627 | D:10     | Received a gift from Okawaru
 11891 | D:10     | Found a staircase to the Lair.
 11927 | D:10     | Reached **** piety under Okawaru
 11927 | D:10     | Reached XP level 12. HP: 49/90 MP: 22/22
 12360 | Lair:1   | Entered Level 1 of the Lair of Beasts
 12573 | Lair:1   | Reached skill level 7 in Short Blades
 12573 | Lair:1   | Reached skill level 7 in Long Blades
 12573 | Lair:1   | Reached skill level 7 in Maces & Flails
 12573 | Lair:1   | Reached skill level 7 in Polearms
 12573 | Lair:1   | Reached skill level 7 in Staves
 12573 | Lair:1   | Reached skill level 7 in Slings
 12573 | Lair:1   | Reached skill level 7 in Crossbows
 12573 | Lair:1   | Reached skill level 7 in Throwing
 12573 | Lair:1   | Reached skill level 7 in Dodging
 12573 | Lair:1   | Reached skill level 7 in Stealth
 12573 | Lair:1   | Reached skill level 7 in Shields
 12573 | Lair:1   | Reached skill level 7 in Unarmed Combat
 12573 | Lair:1   | Reached skill level 7 in Spellcasting
 12590 | Lair:1   | Received a gift from Okawaru
 12954 | Lair:1   | Reached skill level 11 in Armour
 12968 | Lair:1   | HP: 27/90 [poisoned by a spiny frog]
 12973 | Lair:1   | HP: 24/90 [poisoned by a spiny frog]
 12979 | Lair:1   | HP: 23/90 [poisoned by a spiny frog]
 12985 | Lair:1   | HP: 22/90 [poisoned by a spiny frog]
 12993 | Lair:1   | HP: 22/90 [poisoned by a spiny frog]
 13953 | Lair:1   | Upgraded the game from 0.23-a0-303-gfcac5de to
                  | 0.23-a0-305-g7ffd15e
 14030 | Lair:2   | Reached skill level 6 in Conjurations
 14030 | Lair:2   | Reached skill level 6 in Hexes
 14030 | Lair:2   | Reached skill level 6 in Charms
 14030 | Lair:2   | Reached skill level 6 in Summonings
 14030 | Lair:2   | Reached skill level 6 in Necromancy
 14030 | Lair:2   | Reached skill level 6 in Translocations
 14030 | Lair:2   | Reached skill level 6 in Transmutations
 14030 | Lair:2   | Reached skill level 6 in Fire Magic
 14030 | Lair:2   | Reached skill level 6 in Ice Magic
 14030 | Lair:2   | Reached skill level 6 in Air Magic
 14030 | Lair:2   | Reached skill level 6 in Earth Magic
 14030 | Lair:2   | Reached skill level 6 in Poison Magic
 14130 | Lair:2   | Noticed an eight-headed hydra
 14146 | Lair:2   | Killed a seven-headed hydra
 14146 | Lair:2   | Reached ***** piety under Okawaru
 14146 | Lair:2   | Reached skill level 8 in Invocations
 14479 | Lair:2   | Received a gift from Okawaru
 14503 | Lair:2   | Noticed an eight-headed hydra
 14512 | Lair:2   | Killed a seven-headed hydra
 14700 | Lair:2   | Reached skill level 8 in Fighting
 14700 | Lair:2   | Reached skill level 8 in Bows
 14924 | Lair:2   | Reached skill level 9 in Axes
 14924 | Lair:2   | Reached skill level 9 in Evocations
 15302 | Lair:2   | Received a gift from Okawaru
 15471 | Lair:2   | Reached XP level 13. HP: 64/97 MP: 24/24
 15694 | Lair:2   | HP: 18/97 [queen bee (12)]
 16306 | Lair:3   | Found a staircase to the Snake Pit.
 16350 | Lair:3   | Received a gift from Okawaru
 16709 | Lair:3   | HP: 27/99 [wolf (4)]
 16772 | Lair:3   | HP: 28/99 [poisoned by a black mamba]
 16777 | Lair:3   | HP: 24/99 [poisoned by a black mamba]
 16782 | Lair:3   | HP: 21/99 [poisoned by a black mamba]
 16788 | Lair:3   | HP: 19/99 [poisoned by a black mamba]
 16793 | Lair:3   | HP: 19/99 [poisoned by a black mamba]
 16800 | Lair:3   | HP: 18/99 [poisoned by a black mamba]
 16808 | Lair:3   | HP: 19/99 [poisoned by a black mamba]
 17488 | Lair:3   | Found a staircase to the Shoals.
 17513 | Lair:3   | Reached skill level 8 in Short Blades
 17513 | Lair:3   | Reached skill level 8 in Long Blades
 17513 | Lair:3   | Reached skill level 8 in Maces & Flails
 17513 | Lair:3   | Reached skill level 8 in Polearms
 17513 | Lair:3   | Reached skill level 8 in Staves
 17513 | Lair:3   | Reached skill level 8 in Slings
 17513 | Lair:3   | Reached skill level 8 in Crossbows
 17513 | Lair:3   | Reached skill level 8 in Throwing
 17513 | Lair:3   | Reached skill level 8 in Dodging
 17513 | Lair:3   | Reached skill level 8 in Stealth
 17513 | Lair:3   | Reached skill level 8 in Shields
 17513 | Lair:3   | Reached skill level 8 in Unarmed Combat
 17513 | Lair:3   | Reached skill level 8 in Spellcasting
 18562 | Lair:4   | Reached skill level 9 in Invocations
 19955 | Lair:5   | Found a dark tunnel.
 20022 | Volcano  | Entered a volcano
 20194 | Volcano  | Reached skill level 7 in Conjurations
 20194 | Volcano  | Reached skill level 7 in Hexes
 20194 | Volcano  | Reached skill level 7 in Charms
 20194 | Volcano  | Reached skill level 7 in Summonings
 20194 | Volcano  | Reached skill level 7 in Necromancy
 20194 | Volcano  | Reached skill level 7 in Translocations
 20194 | Volcano  | Reached skill level 7 in Transmutations
 20194 | Volcano  | Reached skill level 7 in Fire Magic
 20194 | Volcano  | Reached skill level 7 in Ice Magic
 20194 | Volcano  | Reached skill level 7 in Air Magic
 20194 | Volcano  | Reached skill level 7 in Earth Magic
 20194 | Volcano  | Reached skill level 7 in Poison Magic
 20626 | Volcano  | Received a gift from Okawaru
 21250 | Volcano  | Reached skill level 9 in Fighting
 21250 | Volcano  | Reached skill level 9 in Bows
 21262 | Volcano  | Noticed a fire dragon
 21274 | Volcano  | Killed a fire dragon
 21274 | Volcano  | Received a gift from Okawaru
 21507 | Volcano  | Upgraded the game from 0.23-a0-305-g7ffd15e to
                  | 0.23-a0-307-gc3b755d
 21822 | Lair:5   | Found an ancient bone altar of Kikubaaqudgha.
 22141 | Lair:5   | Reached XP level 14. HP: 70/108 MP: 26/26
 23168 | Lair:6   | Entered Level 6 of the Lair of Beasts
 23180 | Lair:5   | Reached skill level 10 in Axes
 23180 | Lair:5   | Reached skill level 12 in Armour
 23180 | Lair:5   | Reached skill level 10 in Evocations
 23436 | Lair:6   | Reached skill level 9 in Short Blades
 23436 | Lair:6   | Reached skill level 9 in Long Blades
 23436 | Lair:6   | Reached skill level 9 in Maces & Flails
 23436 | Lair:6   | Reached skill level 9 in Polearms
 23436 | Lair:6   | Reached skill level 9 in Staves
 23436 | Lair:6   | Reached skill level 9 in Slings
 23436 | Lair:6   | Reached skill level 9 in Crossbows
 23436 | Lair:6   | Reached skill level 9 in Throwing
 23436 | Lair:6   | Reached skill level 9 in Dodging
 23436 | Lair:6   | Reached skill level 9 in Stealth
 23436 | Lair:6   | Reached skill level 9 in Shields
 23436 | Lair:6   | Reached skill level 9 in Unarmed Combat
 23436 | Lair:6   | Reached skill level 9 in Spellcasting
 23525 | Lair:6   | Learned a level 2 spell: Blink
 23529 | Lair:6   | Learned a level 3 spell: Conjure Flame
 23529 | Lair:6   | Upgraded the game from 0.23-a0-307-gc3b755d to
                  | 0.23-a0-309-ge7838e6
 23787 | Lair:6   | Noticed a dire elephant
 23825 | Lair:6   | Killed a dire elephant
 24147 | Lair:6   | Received a gift from Okawaru
 24212 | Lair:6   | Found a staircase to the Slime Pits.
 24212 | Lair:6   | Found a viscous altar of Jiyva.
 24435 | Lair:5   | Reached skill level 10 in Invocations
 25751 | Lair:6   | Found a burning altar of Makhleb.
 25795 | Lair:6   | HP: 26/109 [orange demon (9)]
 25801 | Lair:6   | Received a gift from Okawaru
 26121 | Lair:6   | Found a gateway to Hell.
 26122 | Lair:6   | Found the +7 mace of Variability {chain chaos}
 26361 | D:11     | Noticed Nergalle
 26380 | D:11     | Killed Nergalle
 26482 | D:11     | Received a gift from Okawaru
 26905 | D:11     | Found Koinn's Antique Weapon Boutique.
 27395 | D:12     | Reached skill level 8 in Conjurations
 27395 | D:12     | Reached skill level 8 in Hexes
 27395 | D:12     | Reached skill level 8 in Charms
 27395 | D:12     | Reached skill level 8 in Summonings
 27395 | D:12     | Reached skill level 8 in Necromancy
 27395 | D:12     | Reached skill level 8 in Translocations
 27395 | D:12     | Reached skill level 8 in Transmutations
 27395 | D:12     | Reached skill level 8 in Fire Magic
 27395 | D:12     | Reached skill level 8 in Ice Magic
 27395 | D:12     | Reached skill level 8 in Air Magic
 27395 | D:12     | Reached skill level 8 in Earth Magic
 27395 | D:12     | Reached skill level 8 in Poison Magic
 27417 | D:12     | Reached XP level 15. HP: 89/115 MP: 28/28
 27721 | D:12     | Received a gift from Okawaru
 27733 | D:12     | Got a faintly humming scale mail
 27833 | D:12     | Noticed Sonja
 27839 | D:12     | Killed Sonja
 27958 | D:12     | Noticed Fannar
 27966 | D:12     | Killed Fannar
 27976 | D:12     | Reached skill level 10 in Fighting
 27976 | D:12     | Reached skill level 10 in Bows
 28197 | D:12     | Noticed coffeespoons's ghost (journeyman TrMo)
 28198 | D:12     | Found a runed gate.
 28198 | D:12     | Found a runed gate.
 28198 | D:12     | Found a runed gate.
 28199 | D:12     | Found a roughly hewn altar of Beogh.
 28200 | D:12     | Found the +0 pair of fencer's gloves {+Riposte Dex+3}
 28255 | D:12     | Found a staircase to the Orcish Mines.
 28367 | D:12     | Killed coffeespoons's ghost
 28378 | D:12     | Received a gift from Okawaru
 28499 | D:12     | Got a faintly glowing long sword {flame}
 28500 | D:12     | Identified the +4 long sword of Demand {flame, rC+ MR+}
                  | (You took it off an orc warrior on level 12 of the Dungeon)
 28563 | D:12     | Upgraded the game from 0.23-a0-309-ge7838e6 to
                  | 0.23-a0-310-gdcc7a32
 28664 | Lair:1   | Learned a level 3 spell: Confuse
 28741 | Orc:1    | Entered Level 1 of the Orcish Mines
 29117 | Orc:2    | Entered Level 2 of the Orcish Mines
 29337 | Orc:2    | Found a staircase to the Elven Halls.
 29697 | Orc:2    | HP: 33/115 [orc priest/divine providence (12)]
 29706 | Orc:2    | HP: 26/115 [orc priest/divine providence (13)]
 29711 | Orc:2    | HP: 20/115 [troll (6)]
 30465 | Orc:2    | Found Syptuv's Antique Armour Shoppe.
 30465 | Orc:2    | Found Xoorump's Jewellery Shoppe.
 30466 | Orc:2    | Found Yntonaepa's Weapon Emporium.
 30469 | Orc:2    | Found Goidac's Antique Armour Emporium.
 30671 | D:13     | Found a labyrinth entrance.
 30731 | Lab      | Entered a labyrinth
 30894 | Lab      | Reached skill level 10 in Short Blades
 30894 | Lab      | Reached skill level 10 in Long Blades
 30894 | Lab      | Reached skill level 10 in Maces & Flails
 30894 | Lab      | Reached skill level 10 in Polearms
 30894 | Lab      | Reached skill level 10 in Staves
 30894 | Lab      | Reached skill level 10 in Slings
 30894 | Lab      | Reached skill level 10 in Crossbows
 30894 | Lab      | Reached skill level 10 in Throwing
 30894 | Lab      | Reached skill level 10 in Dodging
 30894 | Lab      | Reached skill level 10 in Stealth
 30894 | Lab      | Reached skill level 10 in Shields
 30894 | Lab      | Reached skill level 10 in Unarmed Combat
 30894 | Lab      | Reached skill level 10 in Spellcasting
 31534 | D:13     | Reached skill level 11 in Axes
 31534 | D:13     | Reached skill level 11 in Evocations
 31641 | D:13     | Reached skill level 11 in Invocations
 31676 | D:13     | Received a gift from Okawaru
 31929 | D:10     | Noticed Psyche
 31939 | D:10     | Killed Psyche
 32092 | D:13     | Found a gate to the Vaults.
 32643 | D:13     | Reached XP level 16. HP: 103/124 MP: 30/30
 32878 | D:14     | Reached skill level 13 in Armour
 33258 | D:14     | Noticed Frances
 33280 | D:14     | Killed Frances
 33448 | D:14     | HP: 32/124 [ettin/dire flail (30)]
 33454 | D:14     | HP: 22/124 [poisoned by a worker ant]
 33461 | D:14     | HP: 25/124 [poisoned by a worker ant]
 33634 | D:14     | Learned a level 3 spell: Portal Projectile
 33768 | D:14     | Found Linail's Jewellery Boutique.
 33772 | D:14     | Reached skill level 9 in Conjurations
 33772 | D:14     | Reached skill level 9 in Hexes
 33772 | D:14     | Reached skill level 9 in Charms
 33772 | D:14     | Reached skill level 9 in Summonings
 33772 | D:14     | Reached skill level 9 in Necromancy
 33772 | D:14     | Reached skill level 9 in Translocations
 33772 | D:14     | Reached skill level 9 in Transmutations
 33772 | D:14     | Reached skill level 9 in Fire Magic
 33772 | D:14     | Reached skill level 9 in Ice Magic
 33772 | D:14     | Reached skill level 9 in Air Magic
 33772 | D:14     | Reached skill level 9 in Earth Magic
 33772 | D:14     | Reached skill level 9 in Poison Magic
 34051 | D:15     | Entered Level 15 of the Dungeon
 34051 | D:15     | Found a hide-covered altar of Uskayaw.
 34304 | D:15     | Reached skill level 11 in Fighting
 34304 | D:15     | Reached skill level 11 in Bows
 34331 | D:15     | Received a gift from Okawaru
 35009 | D:15     | Found a staircase to the Depths.
 35280 | Snake:1  | Entered Level 1 of the Snake Pit
 35430 | Snake:1  | Found Duiganeof's Antique Weapon Shop.
 35527 | Snake:1  | Found a runed door.
 35529 | Snake:1  | Noticed Wosoitawn's ghost (adept DESu)
 35550 | Snake:1  | Killed Wosoitawn's ghost
 36061 | Snake:1  | Found a deep blue altar of Sif Muna.
 36097 | Snake:1  | Reached skill level 11 in Short Blades
 36097 | Snake:1  | Reached skill level 11 in Long Blades
 36097 | Snake:1  | Reached skill level 11 in Maces & Flails
 36097 | Snake:1  | Reached skill level 11 in Polearms
 36097 | Snake:1  | Reached skill level 11 in Staves
 36097 | Snake:1  | Reached skill level 11 in Slings
 36097 | Snake:1  | Reached skill level 11 in Crossbows
 36097 | Snake:1  | Reached skill level 11 in Throwing
 36097 | Snake:1  | Reached skill level 11 in Dodging
 36097 | Snake:1  | Reached skill level 11 in Stealth
 36097 | Snake:1  | Reached skill level 11 in Shields
 36097 | Snake:1  | Reached skill level 11 in Unarmed Combat
 36097 | Snake:1  | Reached skill level 11 in Spellcasting
 36575 | Snake:1  | Upgraded the game from 0.23-a0-310-gdcc7a32 to
                  | 0.23-a0-315-ga85b81c
 36676 | Snake:2  | Received a gift from Okawaru
 36676 | Snake:2  | Reached XP level 17. HP: 121/131 MP: 32/32
 36677 | Snake:2  | Found the +4 robe of Augmentation {Str+4 Int+4 Dex+4}
 36788 | Snake:2  | HP: 39/131 [salamander mystic/quarterstaff (17)]
 36806 | Snake:2  | HP: 36/131 [salamander/trident (13)]
 36815 | Snake:2  | Reached skill level 12 in Invocations
 37343 | Snake:2  | HP: 29/131 [nagaraja/orb of energy (18)]
 37348 | Snake:2  | HP: 22/131 [poisoned by a nagaraja (splash of poison)]
 37353 | Snake:2  | HP: 21/131 [poisoned by a nagaraja (splash of poison)]
 37358 | Snake:2  | HP: 21/131 [poisoned by a nagaraja (splash of poison)]
 37364 | Snake:2  | HP: 22/131 [poisoned by a nagaraja (splash of poison)]
 37370 | Snake:2  | HP: 24/131 [poisoned by a nagaraja (splash of poison)]
 37378 | Snake:2  | HP: 28/131 [poisoned by a nagaraja (splash of poison)]
 37716 | Snake:2  | Learned a level 4 spell: Cause Fear
 37752 | Snake:3  | Reached skill level 12 in Axes
 37752 | Snake:3  | Reached skill level 12 in Evocations
 39400 | Snake:2  | Received a gift from Okawaru
 39801 | Snake:2  | Received a gift from Okawaru
 40268 | Snake:4  | Entered Level 4 of the Snake Pit
 40404 | Snake:4  | Received a gift from Okawaru
 40866 | Snake:4  | Received a gift from Okawaru
 40866 | Snake:4  | Reached skill level 10 in Conjurations
 40866 | Snake:4  | Reached skill level 10 in Hexes
 40866 | Snake:4  | Reached skill level 10 in Charms
 40866 | Snake:4  | Reached skill level 10 in Summonings
 40866 | Snake:4  | Reached skill level 10 in Necromancy
 40866 | Snake:4  | Reached skill level 10 in Translocations
 40866 | Snake:4  | Reached skill level 10 in Transmutations
 40866 | Snake:4  | Reached skill level 10 in Fire Magic
 40866 | Snake:4  | Reached skill level 10 in Ice Magic
 40866 | Snake:4  | Reached skill level 10 in Air Magic
 40866 | Snake:4  | Reached skill level 10 in Earth Magic
 40866 | Snake:4  | Reached skill level 10 in Poison Magic
 41067 | Snake:4  | Reached XP level 18. HP: 140/140 MP: 33/33
 41068 | Snake:4  | Reached skill level 12 in Fighting
 41068 | Snake:4  | Reached skill level 12 in Bows
 41068 | Snake:4  | Reached skill level 14 in Armour
 41109 | Snake:4  | Got an iridescent arbalest {god gift}
 41141 | Snake:3  | Identified the +10 arbalest of Objectivity {velocity, rPois
                  | rN++ Str-5} (Okawaru gifted it to you on level 4 of the
                  | Snake Pit)
 42363 | Snake:4  | Reached ****** piety under Okawaru
 42420 | Snake:4  | Got a serpentine rune of Zot
 42492 | Snake:4  | Found Htadi's Humungous Hoard.
 42821 | Shoals:1 | Entered Level 1 of the Shoals
 42839 | Shoals:1 | Received a gift from Okawaru
 42842 | Shoals:1 | Reached skill level 12 in Short Blades
 42842 | Shoals:1 | Reached skill level 12 in Long Blades
 42842 | Shoals:1 | Reached skill level 12 in Maces & Flails
 42842 | Shoals:1 | Reached skill level 12 in Polearms
 42842 | Shoals:1 | Reached skill level 12 in Staves
 42842 | Shoals:1 | Reached skill level 12 in Slings
 42842 | Shoals:1 | Reached skill level 12 in Crossbows
 42842 | Shoals:1 | Reached skill level 12 in Throwing
 42842 | Shoals:1 | Reached skill level 12 in Dodging
 42842 | Shoals:1 | Reached skill level 12 in Stealth
 42842 | Shoals:1 | Reached skill level 12 in Shields
 42842 | Shoals:1 | Reached skill level 12 in Unarmed Combat
 42842 | Shoals:1 | Reached skill level 12 in Spellcasting
 43444 | Shoals:1 | Reached skill level 13 in Invocations
 43806 | Shoals:2 | Noticed Kirke
 43824 | Shoals:2 | Killed Kirke
 43917 | Shoals:2 | Found a runed door.
 43917 | Shoals:2 | Found a shimmering altar of Xom.
 43917 | Shoals:2 | Noticed Todyroat's ghost (journeyman SpVM)
 43954 | Shoals:2 | Killed Todyroat's ghost
 44110 | Shoals:2 | Received a gift from Okawaru
 44111 | Shoals:2 | Got a crystal demon whip {god gift}
 44113 | Shoals:2 | Identified the +10 demon whip "Jelly's Curse" {elec, rElec
                  | Int+3} (Okawaru gifted it to you on level 2 of the Shoals)
 44114 | Shoals:2 | --nice
 44189 | Shoals:2 | Learned a level 1 spell: Summon Butterflies
 45096 | Shoals:3 | Reached skill level 13 in Axes
 45096 | Shoals:3 | Reached skill level 13 in Evocations
 45716 | Lair:1   | Identified a scroll of acquirement
 45845 | Shoals:4 | Entered Level 4 of the Shoals
 45965 | Shoals:4 | Received a gift from Okawaru
 46119 | Shoals:4 | Reached XP level 19. HP: 137/147 MP: 30/35
 46160 | Shoals:4 | Learned a level 1 spell: Apportation
 46307 | Shoals:4 | Got a barnacled rune of Zot
 46434 | Shoals:4 | HP: 43/148 [water nymph/the raging water (32)]
 46439 | Shoals:4 | HP: 43/148 [poisoned by a merfolk impaler]
 46444 | Shoals:4 | HP: 44/148 [poisoned by a merfolk impaler]
 46449 | Shoals:4 | HP: 36/148 [poisoned by a merfolk impaler]
 46457 | Shoals:4 | HP: 37/148 [drowned by a water elemental (2)]
 46465 | Shoals:4 | HP: 31/148 [poisoned by a merfolk impaler]
 46471 | Shoals:4 | HP: 33/148 [poisoned by a merfolk impaler]
 46475 | Shoals:4 | HP: 15/148 [merfolk impaler/trident of venom (5)]
 46480 | Shoals:4 | HP: 14/148 [water nymph/the raging water (19)]
 46485 | Shoals:4 | HP: 22/148 [poisoned by a merfolk impaler]
 46490 | Shoals:4 | HP: 24/148 [poisoned by a merfolk impaler]
 46497 | Shoals:4 | HP: 27/148 [poisoned by a merfolk impaler]
 46505 | Shoals:4 | HP: 31/148 [poisoned by a merfolk impaler]
 46831 | Shoals:4 | Got a crude longbow
 46832 | Shoals:4 | Identified the +6 longbow "Ciacaf" {flame, Int+2 Dex+6}
                  | (You found it on level 4 of the Shoals)
 47608 | Vaults:1 | Entered Level 1 of the Vaults
 47673 | Vaults:1 | Received a gift from Okawaru
 47843 | Vaults:1 | Found a magical portal.
 47846 | WizLab   | Entered Lehudib's Moon Base
 47948 | WizLab   | Found a transporter.
 47958 | WizLab   | Received a gift from Okawaru
 48096 | WizLab   | Received a gift from Okawaru
 48425 | WizLab   | Gained mutation: You tend to lose your temper in combat. [a
                  | cacodemon]
 48515 | WizLab   | Reached skill level 13 in Fighting
 48515 | WizLab   | Reached skill level 13 in Bows
 48555 | WizLab   | Reached skill level 11 in Conjurations
 48555 | WizLab   | Reached skill level 11 in Hexes
 48555 | WizLab   | Reached skill level 11 in Charms
 48555 | WizLab   | Reached skill level 11 in Summonings
 48555 | WizLab   | Reached skill level 11 in Necromancy
 48555 | WizLab   | Reached skill level 11 in Translocations
 48555 | WizLab   | Reached skill level 11 in Transmutations
 48555 | WizLab   | Reached skill level 11 in Fire Magic
 48555 | WizLab   | Reached skill level 11 in Ice Magic
 48555 | WizLab   | Reached skill level 11 in Air Magic
 48555 | WizLab   | Reached skill level 11 in Earth Magic
 48555 | WizLab   | Reached skill level 11 in Poison Magic
 48893 | WizLab   | Got a clouded iron ring
 48894 | WizLab   | Identified the ring of the Skies Above {rF+ Dex+4 SInv}
                  | (You found it in a wizard's laboratory)
 49010 | WizLab   | Received a gift from Okawaru
 49133 | WizLab   | Reached XP level 20. HP: 156/156 MP: 19/36
 49143 | WizLab   | Reached skill level 15 in Armour
 49143 | WizLab   | Reached skill level 14 in Invocations
 49151 | WizLab   | Reached skill level 13 in Short Blades
 49151 | WizLab   | Reached skill level 13 in Long Blades
 49151 | WizLab   | Reached skill level 13 in Maces & Flails
 49151 | WizLab   | Reached skill level 13 in Polearms
 49151 | WizLab   | Reached skill level 13 in Staves
 49151 | WizLab   | Reached skill level 13 in Slings
 49151 | WizLab   | Reached skill level 13 in Crossbows
 49151 | WizLab   | Reached skill level 13 in Throwing
 49151 | WizLab   | Reached skill level 13 in Dodging
 49151 | WizLab   | Reached skill level 13 in Stealth
 49151 | WizLab   | Reached skill level 13 in Shields
 49151 | WizLab   | Reached skill level 13 in Unarmed Combat
 49151 | WizLab   | Reached skill level 13 in Spellcasting
 49261 | WizLab   | Found a transporter.
 49450 | WizLab   | Identified Lehudib's Papyrus of Shifting Earth
 49483 | WizLab   | HP: 45/156 [acid (13)]
 49663 | WizLab   | Gained mutation: Scrolls take you a little longer to read.
                  | [a cacodemon]
 49721 | WizLab   | Got a glittering iron ring
 49781 | WizLab   | Got a slimy quarterstaff
 49787 | WizLab   | Identified the +4 quarterstaff of a volcano {chaos, rElec
                  | MP+9} (You found it in a wizard's laboratory)
 49797 | WizLab   | Lost mutation: Scrolls take you a little longer to read.
                  | [potion of mutation]
 49797 | WizLab   | Lost mutation: You tend to lose your temper in combat.
                  | [potion of mutation]
 49797 | WizLab   | Gained mutation: Your body sometimes deteriorates upon
                  | taking damage. [potion of mutation]
 49797 | WizLab   | Gained mutation: Your mind is acute. (Int +2) [potion of
                  | mutation]
 50027 | Lair:1   | Identified the ring "Nexupp" {rPois Dex+4} (You found it in
                  | a wizard's laboratory)
 50533 | Vaults:1 | Received a gift from Okawaru
 50597 | Vaults:1 | Got a faintly humming robe {god gift}
 51068 | Vaults:1 | Reached skill level 14 in Axes
 51068 | Vaults:1 | Reached skill level 14 in Evocations
 51689 | Vaults:2 | Found Inenwuecs's Gadget Shoppe.
 51888 | Vaults:2 | Noticed Mennas
 51958 | Vaults:2 | Killed Mennas
 51958 | Vaults:2 | Received a gift from Okawaru
 52063 | Vaults:2 | Found a staircase to the Crypt.
 52214 | Vaults:2 | Reached XP level 21. HP: 154/164 MP: 38/38
 52564 | Vaults:2 | Found a runed gate.
 52564 | Vaults:2 | Found a runed gate.
 52564 | Vaults:2 | Found a runed gate.
 52565 | Vaults:2 | Noticed Cuqew's ghost (adept DsBe)
 52917 | Vaults:2 | Received a gift from Okawaru
 53301 | Vaults:2 | Killed Cuqew's ghost
 53301 | Vaults:2 | Reached skill level 14 in Fighting
 53301 | Vaults:2 | Reached skill level 14 in Bows
 53460 | Vaults:2 | Learned a level 5 spell: Summon Mana Viper
 53538 | Vaults:3 | Upgraded the game from 0.23-a0-315-ga85b81c to
                  | 0.23-a0-319-gb40ba49
 53589 | Vaults:2 | Received a gift from Okawaru
 53599 | Vaults:2 | Got a scorched longbow {god gift}
 53649 | Vaults:2 | Identified the +4 longbow of Dissatisfaction {freeze, *Slow
                  | rC+++ Int-2} (Okawaru gifted it to you on level 2 of the
                  | Vaults)
 54277 | Vaults:3 | Reached skill level 15 in Invocations
 54314 | Vaults:3 | Reached skill level 12 in Conjurations
 54314 | Vaults:3 | Reached skill level 12 in Hexes
 54314 | Vaults:3 | Reached skill level 12 in Charms
 54314 | Vaults:3 | Reached skill level 12 in Summonings
 54314 | Vaults:3 | Reached skill level 12 in Necromancy
 54314 | Vaults:3 | Reached skill level 12 in Translocations
 54314 | Vaults:3 | Reached skill level 12 in Transmutations
 54314 | Vaults:3 | Reached skill level 12 in Fire Magic
 54314 | Vaults:3 | Reached skill level 12 in Ice Magic
 54314 | Vaults:3 | Reached skill level 12 in Air Magic
 54314 | Vaults:3 | Reached skill level 12 in Earth Magic
 54314 | Vaults:3 | Reached skill level 12 in Poison Magic
 54604 | Vaults:3 | Received a gift from Okawaru
 54661 | Vaults:3 | Reached skill level 14 in Short Blades
 54661 | Vaults:3 | Reached skill level 14 in Long Blades
 54661 | Vaults:3 | Reached skill level 14 in Maces & Flails
 54661 | Vaults:3 | Reached skill level 14 in Polearms
 54661 | Vaults:3 | Reached skill level 14 in Staves
 54661 | Vaults:3 | Reached skill level 14 in Slings
 54661 | Vaults:3 | Reached skill level 14 in Crossbows
 54661 | Vaults:3 | Reached skill level 14 in Throwing
 54661 | Vaults:3 | Reached skill level 14 in Dodging
 54661 | Vaults:3 | Reached skill level 14 in Stealth
 54661 | Vaults:3 | Reached skill level 14 in Shields
 54661 | Vaults:3 | Reached skill level 14 in Unarmed Combat
 54661 | Vaults:3 | Reached skill level 14 in Spellcasting
 55931 | Vaults:3 | Reached XP level 22. HP: 172/172 MP: 40/40
 55987 | Vaults:3 | Received a gift from Okawaru
 56242 | Vaults:3 | Reached skill level 16 in Armour
 56490 | Vaults:4 | Received a gift from Okawaru
 56686 | Vaults:4 | Received a gift from Okawaru
 56687 | Vaults:4 | Found the +3 pair of gauntlets of War {Slay+5}
 56717 | Vaults:4 | --Woah - cheers Oka!
 56960 | Vaults:4 | Reached skill level 15 in Axes
 56960 | Vaults:4 | Reached skill level 15 in Evocations
 58239 | Vaults:4 | Received a gift from Okawaru
 58444 | Vaults:4 | Received a gift from Okawaru
 59074 | Orc:2    | Bought shiny pearl dragon scales for 3267 gold pieces
 59420 | Crypt:1  | Entered Level 1 of the Crypt
 59429 | Crypt:1  | Learned a level 1 spell: Animate Skeleton
 59435 | Crypt:1  | Learned a level 5 spell: Yara's Violent Unravelling
 59441 | Crypt:1  | Reached XP level 23. HP: 180/180 MP: 41/41
 59671 | Vaults:2 | Received a gift from Okawaru
 60031 | Crypt:1  | Reached skill level 15 in Fighting
 60031 | Crypt:1  | Reached skill level 15 in Bows
 60154 | Crypt:1  | Reached skill level 16 in Invocations
 60517 | Crypt:1  | Noticed an ancient lich
 60531 | Crypt:1  | Killed an ancient lich
 60825 | Crypt:2  | HP: 41/181 [??? (31)]
 61183 | Crypt:2  | Reached skill level 15 in Short Blades
 61183 | Crypt:2  | Reached skill level 15 in Long Blades
 61183 | Crypt:2  | Reached skill level 15 in Maces & Flails
 61183 | Crypt:2  | Reached skill level 15 in Polearms
 61183 | Crypt:2  | Reached skill level 15 in Staves
 61183 | Crypt:2  | Reached skill level 15 in Slings
 61183 | Crypt:2  | Reached skill level 15 in Crossbows
 61183 | Crypt:2  | Reached skill level 15 in Throwing
 61183 | Crypt:2  | Reached skill level 15 in Dodging
 61183 | Crypt:2  | Reached skill level 15 in Stealth
 61183 | Crypt:2  | Reached skill level 15 in Shields
 61183 | Crypt:2  | Reached skill level 15 in Unarmed Combat
 61183 | Crypt:2  | Reached skill level 15 in Spellcasting
 61377 | Crypt:2  | HP: 34/181 [??? (26)]
 61898 | Crypt:2  | Reached skill level 13 in Conjurations
 61898 | Crypt:2  | Reached skill level 13 in Hexes
 61898 | Crypt:2  | Reached skill level 13 in Charms
 61898 | Crypt:2  | Reached skill level 13 in Summonings
 61898 | Crypt:2  | Reached skill level 13 in Necromancy
 61898 | Crypt:2  | Reached skill level 13 in Translocations
 61898 | Crypt:2  | Reached skill level 13 in Transmutations
 61898 | Crypt:2  | Reached skill level 13 in Fire Magic
 61898 | Crypt:2  | Reached skill level 13 in Ice Magic
 61898 | Crypt:2  | Reached skill level 13 in Air Magic
 61898 | Crypt:2  | Reached skill level 13 in Earth Magic
 61898 | Crypt:2  | Reached skill level 13 in Poison Magic
 61932 | Crypt:2  | Identified the cursed +0 plate armour "Hyastres" {+Blink
                  | Int+4 Slay+3} (You found it on level 2 of the Crypt)
 62664 | Crypt:3  | Entered Level 3 of the Crypt
 62731 | Crypt:3  | Received a gift from Okawaru
 62887 | Crypt:3  | Received a gift from Okawaru
 62892 | Crypt:3  | HP: 41/181 [??? (31)]
 63543 | Crypt:3  | Reached XP level 24. HP: 189/189 MP: 42/42
 63574 | Crypt:3  | Received a gift from Okawaru
 63597 | Crypt:3  | Noticed a curse toe
 63615 | Crypt:3  | HP: 54/189 [??? (42)]
 63619 | Crypt:3  | Killed a curse toe
 63624 | Crypt:3  | HP: 43/189 [ancient champion/battleaxe of draining (12)]
 63633 | Crypt:3  | Received a gift from Okawaru
 63816 | Crypt:3  | Noticed a curse toe
 63828 | Crypt:3  | Killed a curse toe
 63828 | Crypt:3  | Reached skill level 17 in Armour
 63850 | Crypt:3  | Found a basalt altar of Yredelemnul.
 63853 | Crypt:3  | Found an ancient bone altar of Kikubaaqudgha.
 63898 | Crypt:3  | Identified the Incunabulum of Black Rituals
 63904 | Crypt:3  | Learned a level 3 spell: Regeneration
 63908 | Crypt:3  | Identified the +0 helmet "Qeczytu" {rN+ Str-3 SInv} (You
                  | found it on level 3 of the Crypt)
 63956 | Crypt:3  | Received a gift from Okawaru
 63958 | Crypt:3  | Got a ring of the Octopus King
 64084 | Crypt:3  | Found a staircase to the Tomb.
 64561 | Lair:1   | Identified a ring of the Octopus King {rC+ AC+1 EV+1 Str+1
                  | Int+1 Dex+1} (You took it off a vampire on level 3 of the
                  | Crypt)
 64575 | Lair:1   | Learned a level 6 spell: Freezing Cloud
 64581 | Lair:1   | Learned a level 5 spell: Lee's Rapid Deconstruction
 64677 | Elf:1    | Entered Level 1 of the Elven Halls
 65249 | Elf:1    | Reached skill level 16 in Axes
 65249 | Elf:1    | Reached skill level 16 in Evocations
 65874 | Elf:2    | Received a gift from Okawaru
 66155 | Elf:2    | Found a huge runed gate.
 66155 | Elf:2    | Found a huge runed gate.
 66155 | Elf:2    | Found a huge runed gate.
 66161 | Elf:2    | Received a gift from Okawaru
 66425 | Elf:2    | Reached skill level 16 in Crossbows
 66729 | Elf:2    | Received a gift from Okawaru
 67165 | Elf:3    | Entered Level 3 of the Elven Halls
 67166 | Elf:3    | Found Xogebby's Food Emporium.
 67678 | Elf:3    | Noticed Nikola
 67700 | Elf:3    | Killed Nikola
 67862 | Elf:3    | HP: 57/191 [poisoned by a deep elf annihilator (poison
                  | arrow)]
 67863 | Elf:3    | HP: 15/191 [deep elf annihilator/crystal spear (41)]
 67868 | Elf:3    | HP: 35/191 [poisoned by a deep elf annihilator (poison
                  | arrow)]
 67872 | Elf:3    | HP: 3/191 [deep elf master archer/arrow (31)]
 67878 | Elf:3    | HP: 20/191 [deep elf master archer/arrow (14)]
 67881 | Elf:3    | Killed from afar by a deep elf annihilator

Vault maps used:
D:1:      enne_arrival_octagon_isle, lemuel_flame_loot_1
D:2:      lemuel_doored_altar, serial_glass, glass_columns_b, glass_columns_a,
          uniq_jessica, uniq_crazy_yiuf_cottage
D:3:      nicolae_ru_sacrificial_ziggurat, portal_sewer_entry_b, first_ration
D:4:      grunt_temple_overflow_opulence, evilmike_ruin_ashenzari,
          enter_ossuary_3
D:6:      lemuel_crystal_altar, grunt_ministairs_9, dk_rats_in_the_wall,
          uniq_sigmund, uniq_prince_ribbit1, uniq_pikel
D:7:      minmay_temple_entry_statues_fountains
D:8:      overflow_temple_1_default, gammafunk_temple_overflow_statue,
          kennysheep_mini_moat, hangedman_ranch, hangedman_feature_mirror,
          nrook_pool_corridor, corexii_hall_statues_i
D:9:      serial_shops, shop, enter_bailey_3, lightli_minifort
D:10:     david_lair_generic, uniq_psyche
D:11:     serial_shops, shop, serial_column_ruins, column_ruins_hut,
          column_ruins_hut_ruined, column_ruins_columns_T,
          column_ruins_columns_straight, column_ruins_grid_1,
          column_ruins_columns_straight, column_ruins_open_large,
          column_ruins_columns_straight, uniq_nergalle
D:12:     orc_0_dummy, biasface_ghost_orc_armoury, uniq_sonja, uniq_fannar
D:13:     evilmike_horseshoe, erik_vaults_2, lab_entry_generic
D:14:     serial_ice, serial_ice_k, serial_ice_o, serial_ice_d, serial_ice_a,
          serial_ice_h, serial_ice_f, serial_ice_n, serial_ice_m, serial_ice_b,
          serial_ice_e, serial_shops, kennysheep_little_box, minmay_radiant,
          uniq_frances
D:15:     hangedman_depths_entry_try_elsewhere_first, hangedman_decor_riveting,
          basic_altar
Temple:   hc_temple_tempest_star
Lair:1:   minivault_11
Lair:2:   grunt_megastairs_1
Lair:3:   minmay_shoals_entry_centaurs, minmay_snake_entry_six_corridors,
          special_room
Lair:4:   cheibrodos_lair_reptile_den, lemuel_fruit_fields, serial_bayou_shore_a
Lair:5:   lightli_volcano_entry_magma_tube, basic_altar
Lair:6:   evil_forest, slime_altar_1, serial_forest,
          infiniplex_forest_straight_5, infiniplex_forest_lined_room_,
          infiniplex_forest_corner_1, infiniplex_forest_lined_ring,
          infiniplex_forest_lined_3, infiniplex_forest_zigzag_2,
          infiniplex_forest_lined_3
Shoals:2: ebering_ghost_xom, uniq_kirke
Shoals:3: nicolae_shoals_circle_sea_wall
Shoals:4: shoals_end_hangedman, nicolae_shoals_water_shrine
Snake:1:  serial_shops, nicolae_shop_overgrown_old_shop, basic_altar,
          ebering_ghost_inner_flame, grunt_megastairs_3
Snake:2:  cheibrodos_snake_lava_hold
Snake:3:  minmay_snake_river
Snake:4:  snake_pit, nicolae_alphabet_shops, grunt_megastairs_2,
          lemuel_fruit_tree, serial_bayou_shore_b
Orc:1:    serial_shops
Orc:2:    st_orc_mages
Elf:1:    minmay_elf_arrival_circle, evilmike_minifort
Elf:3:    minmay_elf_hall_circle, serial_shops, shop, solitary_fountain,
          hex_intersection, uniq_nikola
Vaults:1: vaults_room_door_hall, v_pattern_4, v_misc_12, st_more_cells,
          nicolae_vaults_network_square, vaults_room_corners,
          nicolae_vaults_yaktaur_gun_rack, mu_enter_wizlab_7
Vaults:2: gammafunk_vaults_ghost_split, vaults_room_fancy_cross,
          v_alt_pattern_1, hangedman_vaults_impose,
          nicolae_vaults_quartermaster, vaults_standard_mumra_enter_the_diamond,
          minmay_crypt_entry_simple_round, vaults_dpeg_encased_lava,
          vaults_room_hallway, serial_shops, shop, uniq_mennas
Vaults:3: v_misc_8, nicolae_vaults_little_squares_2,
          nicolae_vaults_border_crossing, st_star, vaults_dpeg_hooks,
          vaults_room_corners, nicolae_vaults_network_s, v_alt_pattern_6,
          ontoclasm_vaults_bender, v_misc_11, v_rooms_1,
          vaults_room_stairs_pillars, vaults_room_hallway,
          ontoclasm_vaults_gateway
Vaults:4: vaults_standard_mumra_x, st_lines, v_misc_28, v_misc_9,
          hangedman_vaults_locks, nicolae_vaults_what_the_h, grunt_vaults_focal,
          vaults_room_grid, vaults_dpeg_diagonal, serial_ice_g,
          hangedman_vaults_trim
Crypt:1:  weyrava_lich_vault
Crypt:2:  roderic_lattice_octagonal_star
Crypt:3:  lightli_unholy_cathedral,
          nicolae_tomb_entry_unfolded_pyramid_orthogonal, st_shrine_of_skulls
Lab:      labyrinth_glass_1, labyrinth_lava_lair, nicolae_lab_flowing_pool
Sewer:    sewer_co_purgy_island
Ossuary:  ossuary_zaba_flooded
Bailey:   bailey_axe_1, bailey
Volcano:  pf_volcano_lost_world
WizLab:   wizlab_lehudib

Skill      XL: |  1  2  3  4  5  6  7  8  9 10 11 12 13 14 15 16 17 18 19 20 21 22 23 24 |
---------------+-------------------------------------------------------------------------+-----
Invocations    | 1 2 3 4 5 6 7 8 9 10 11 12 13 14 15 16 | 16.9
Short Blades   | 1 2 3 4 5 6 7 8 9 10 11 12 13 14 15 | 15.7
Long Blades    | 1 2 3 4 5 6 7 8 9 10 11 12 13 14 15 | 15.7
Maces & Flails | 1 2 3 4 5 6 7 8 9 10 11 12 13 14 15 | 15.7
Polearms       | 1 2 3 4 5 6 7 8 9 10 11 12 13 14 15 | 15.7
Staves         | 1 2 3 4 5 6 7 8 9 10 11 12 13 14 15 | 15.7
Slings         | 1 2 3 4 5 6 7 8 9 10 11 12 13 14 15 | 15.7
Crossbows      | 1 2 3 4 5 6 7 8 9 10 11 12 13 14 15 16 | 16.2
Throwing       | 1 2 3 4 5 6 7 8 9 10 11 12 13 14 15 | 15.7
Dodging        | 1 2 3 4 5 6 7 8 9 10 11 12 13 14 15 | 15.7
Stealth        | 1 2 3 4 5 6 7 8 9 10 11 12 13 14 15 | 15.7
Shields        | 1 2 3 4 5 6 7 8 9 10 11 12 13 14 15 | 15.7
Unarmed Combat | 1 2 3 4 5 6 7 8 9 10 11 12 13 14 15 | 15.7
Spellcasting   | 1 2 3 4 5 6 7 8 9 10 11 12 13 14 15 | 15.7
Conjurations   | 1 2 3 4 5 6 7 8 9 10 11 12 13 | 13.5
Hexes          | 1 2 3 4 5 6 7 8 9 10 11 12 13 | 13.5
Charms         | 1 2 3 4 5 6 7 8 9 10 11 12 13 | 13.5
Summonings     | 1 2 3 4 5 6 7 8 9 10 11 12 13 | 13.5
Necromancy     | 1 2 3 4 5 6 7 8 9 10 11 12 13 | 13.5
Translocations | 1 2 3 4 5 6 7 8 9 10 11 12 13 | 13.5
Transmutations | 1 2 3 4 5 6 7 8 9 10 11 12 13 | 13.5
Fire Magic     | 1 2 3 4 5 6 7 8 9 10 11 12 13 | 13.5
Ice Magic      | 1 2 3 4 5 6 7 8 9 10 11 12 13 | 13.5
Air Magic      | 1 2 3 4 5 6 7 8 9 10 11 12 13 | 13.5
Earth Magic    | 1 2 3 4 5 6 7 8 9 10 11 12 13 | 13.5
Poison Magic   | 1 2 3 4 5 6 7 8 9 10 11 12 13 | 13.5
Fighting       | 3 4 5 6 7 8 9 10 11 12 13 14 15 | 15.8
Bows           | 3 4 5 6 7 8 9 10 11 12 13 14 15 | 15.8
Axes           | 5 6 7 8 9 10 11 12 13 14 15 16 | 16.2
Evocations     | 5 6 7 8 9 10 11 12 13 14 15 16 | 16.2
Armour         | 9 10 11 12 13 14 15 16 17 | 17.3

Action                   |  1- 3 |  4- 6 |  7- 9 | 10-12 | 13-15 | 16-18 | 19-21 | 22-24 || total
-------------------------+-------+-------+-------+-------+-------+-------+-------+-------++-------
Melee: Hand axe          |   100 |   223 |   549 |   293 |    38 |       |       |       ||  1203
       Bite              |     5 |    27 |    75 |   158 |   361 |   313 |   380 |   380 ||  1699
       Punch             |       |       |     3 |       |       |       |       |       ||     3
       Trident           |       |       |       |   304 |       |       |       |       ||   304
       Broad axe         |       |       |       |   678 |  2180 |  1613 |       |       ||  4471
       Demon whip        |       |       |       |       |       |   238 |  1905 |  1982 ||  4125
 Fire: Blowgun           |       |       |       |       |       |       |       |     3 ||     3
Throw: Stone             |       |    17 |    28 |    20 |       |       |       |       ||    65
       Javelin           |       |       |     5 |       |    10 |    33 |    27 |    59 ||   134
       Tomahawk          |       |       |       |    54 |   126 |       |       |       ||   180
 Cast: Confuse           |       |       |       |       |       |   188 |    63 |    22 ||   273
       Cause Fear        |       |       |       |       |       |     1 |     3 |       ||     4
       Portal Projectile |       |       |       |       |       |     1 |     5 |       ||     6
       Conjure Flame     |       |       |       |       |       |       |     8 |       ||     8
       Blink             |       |       |       |       |       |       |     4 |     2 ||     6
       Summon Butterflie |       |       |       |       |       |       |     7 |       ||     7
       Yara's Violent Un |       |       |       |       |       |       |       |     7 ||     7
       Lee's Rapid Decon |       |       |       |       |       |       |       |    16 ||    16
       Apportation       |       |       |       |       |       |       |       |     4 ||     4
Invok: Heroism           |       |       |       |     1 |    16 |    15 |     8 |     9 ||    49
       Finesse           |       |       |       |       |     4 |       |     4 |     5 ||    13
 Abil: Stop Flying       |       |       |       |       |       |       |       |     2 ||     2
       Evoke Flight      |       |       |       |       |       |       |       |     1 ||     1
Evoke: Wand              |     1 |     8 |    13 |    17 |    12 |     3 |     5 |       ||    59
  Use: Scroll            |     1 |     7 |    10 |     6 |    12 |     3 |     7 |     7 ||    53
       Potion            |       |       |     1 |       |     1 |       |     9 |     4 ||    15
 Stab: Paralysed         |       |     5 |       |       |    16 |       |       |       ||    21
       Confused          |       |       |       |       |       |   100 |    25 |     8 ||   133
       Sleeping          |       |       |       |       |       |       |     1 |    23 ||    24
       Distracted        |       |       |       |       |       |       |       |     3 ||     3
  Eat: Chunk             |     2 |     8 |    10 |    27 |    50 |    32 |    29 |    20 ||   178
       Ration            |       |       |     1 |     2 |     3 |     4 |     1 |     6 ||    17
Armor: Ring mail         |    50 |    35 |       |       |       |       |       |       ||    85
       Scale mail        |       |    42 |       |       |       |       |       |       ||    42
       Plate armour      |       |    46 |   306 |   951 |  1462 |   797 |   500 |   168 ||  4230
       Pearl dragon scal |       |       |       |       |       |       |       |   297 ||   297
Dodge: Dodged            |    58 |   100 |   143 |   675 |  1134 |   642 |   547 |   595 ||  3894
Block: Buckler           |       |       |    43 |   390 |   725 |    98 |       |       ||  1256
       Shield            |       |       |       |       |       |   840 |   856 |   908 ||  2604
       Rpst.: Broad axe  |       |       |       |       |    77 |   124 |       |       ||   201
       Demon whip        |       |       |       |       |       |    11 |    94 |    12 ||   117

Table legend:
 A = Non-vault XP
 B = Vault XP
 C = Vault XP percentage of total XP
 D = Non-vault monster count
 E = Vault monster count
 F = Vault count percentage of total count
                 A         B        C        D         E       F
            +---------+---------+-------+---------+---------+-------
      Total |  501731 |  432550 |  46.3 |    1356 |     764 |  36.0
            +---------+---------+-------+---------+---------+-------
        D:1 |      38 |       0 |   0.0 |      21 |       0 |   0.0
        D:2 |     108 |      79 |  42.2 |      22 |       2 |   8.3
        D:3 |     114 |       3 |   2.6 |      30 |       2 |   6.2
        D:4 |     417 |       7 |   1.7 |      28 |       1 |   3.4
        D:5 |    1459 |       0 |   0.0 |      19 |       0 |   0.0
        D:6 |     197 |    1242 |  86.3 |       6 |       5 |  45.5
        D:7 |    1226 |       0 |   0.0 |      22 |       0 |   0.0
        D:8 |    1849 |    2535 |  57.8 |      35 |      12 |  25.5
        D:9 |    2207 |     557 |  20.2 |      40 |       5 |  11.1
       D:10 |    4093 |    1490 |  26.7 |      33 |       5 |  13.2
       D:11 |    3038 |     812 |  21.1 |      32 |       1 |   3.0
       D:12 |    3217 |    3985 |  55.3 |      22 |      19 |  46.3
       D:13 |    6743 |   12597 |  65.1 |      37 |      18 |  32.7
       D:14 |   10435 |    8970 |  46.2 |      26 |      24 |  48.0
       D:15 |   17649 |    2343 |  11.7 |      48 |       4 |   7.7
     Lair:1 |    4657 |       0 |   0.0 |      14 |       0 |   0.0
     Lair:2 |    6945 |    1596 |  18.7 |      28 |      16 |  36.4
     Lair:3 |    3656 |    3067 |  45.6 |      17 |      29 |  63.0
     Lair:4 |    5927 |     600 |   9.2 |      33 |       8 |  19.5
     Lair:5 |   12901 |       0 |   0.0 |      43 |       0 |   0.0
     Lair:6 |    7169 |    9696 |  57.5 |      23 |      26 |  53.1
   Shoals:1 |   10372 |       0 |   0.0 |      26 |       0 |   0.0
   Shoals:2 |    9042 |    4995 |  35.6 |      20 |       7 |  25.9
   Shoals:3 |   14985 |       0 |   0.0 |      26 |       0 |   0.0
   Shoals:4 |    8264 |   21080 |  71.8 |      16 |      37 |  69.8
    Snake:1 |    6824 |    3402 |  33.3 |      16 |       4 |  20.0
    Snake:2 |   13043 |    6240 |  32.4 |      23 |      11 |  32.4
    Snake:3 |   19940 |    6248 |  23.9 |      38 |      16 |  29.6
    Snake:4 |   13238 |   33455 |  71.6 |      21 |      53 |  71.6
      Orc:1 |    5285 |       0 |   0.0 |      50 |       0 |   0.0
      Orc:2 |    4306 |    5012 |  53.8 |      39 |      42 |  51.9
      Elf:1 |   21083 |   11317 |  34.9 |      47 |      19 |  28.8
      Elf:2 |   11426 |   21912 |  65.7 |      16 |      28 |  63.6
      Elf:3 |    1256 |    7944 |  86.3 |       3 |       5 |  62.5
   Vaults:1 |   39337 |   22328 |  36.2 |      74 |      35 |  32.1
   Vaults:2 |   43784 |   41705 |  48.8 |      65 |      37 |  36.3
   Vaults:3 |   53564 |   28567 |  34.8 |      95 |      40 |  29.6
   Vaults:4 |   54191 |   27838 |  33.9 |      89 |      34 |  27.6
    Crypt:1 |   25445 |   14118 |  35.7 |      39 |       5 |  11.4
    Crypt:2 |   32142 |       0 |   0.0 |      40 |       0 |   0.0
    Crypt:3 |   17769 |   50636 |  74.0 |      31 |      56 |  64.4
        Lab |    1192 |     507 |  29.8 |       1 |       2 |  66.7
      Sewer |       0 |     134 | 100.0 |       0 |       7 | 100.0
    Ossuary |       0 |     803 | 100.0 |       0 |      33 | 100.0
     Bailey |       0 |    1075 | 100.0 |       0 |      32 | 100.0
    Volcano |       0 |    6752 | 100.0 |       0 |      26 | 100.0
     WizLab |    1198 |   66903 |  98.2 |       2 |      58 |  96.7
            +---------+---------+-------+---------+---------+-------

Table legend:
 A = Turns spent in this place as a percentage of turns spent in the entire game.
 B = Non-inter-level travel turns spent in this place as a percentage of non-inter-level travel turns spent in the entire game.
 C = Inter-level travel turns spent in this place as a percentage of turns spent in this place.
 D = Turns resting spent in this place as a percentage of non-inter-level travel turns spent in this place.
 E = Turns spent auto-exploring this place as a percentage of non-inter-level travel turns spent in this place.
 F = Non-inter-level travel turns spent in this place divided by the number of levels of this place that you've seen.
                   A       B       C       D       E      F
               +-------+-------+-------+-------+-------+----------------------
         Total | 100.0 | 100.0 |   9.2 |  22.9 |  31.2 | 1284.7
       Dungeon |  26.3 |  25.3 |  12.7 |  17.3 |  40.0 | 1040.6
        Temple |   0.3 |   0.3 |   6.5 |   0.0 |  98.9 | 188.0
          Lair |  20.3 |  20.1 |   9.8 |  45.7 |  23.4 | 2070.2
        Shoals |   6.4 |   6.6 |   6.1 |   6.3 |  46.8 | 1022.8
     Snake Pit |  10.2 |  10.4 |   7.5 |  18.3 |  37.2 | 1603.5
  Orcish Mines |   3.2 |   3.2 |   9.4 |   8.9 |  36.1 | 983.0
   Elven Halls |   4.2 |   4.4 |   5.6 |  10.6 |  43.2 | 897.0
        Vaults |  13.9 |  13.3 |  13.1 |  13.1 |  25.5 | 2048.8
         Crypt |   6.2 |   6.5 |   4.7 |  16.8 |  31.4 | 1331.7
     Labyrinth |   1.1 |   1.2 |   0.0 |   1.0 |   0.0 | 730.0
         Sewer |   0.2 |   0.3 |   0.0 |   0.0 |  22.2 | 167.0
       Ossuary |   2.1 |   2.3 |   0.0 |  62.0 |   2.5 | 1392.0
        Bailey |   0.5 |   0.5 |   0.0 |   0.0 |   0.0 | 334.0
       Volcano |   2.2 |   2.5 |   0.0 |  49.7 |  11.2 | 1515.0
        Wizlab |   2.9 |   3.2 |   0.0 |  24.0 |   7.6 | 1958.0
               +-------+-------+-------+-------+-------+----------------------

Vault maps used:
D:1:      enne_arrival_octagon_isle, lemuel_flame_loot_1
D:2:      lemuel_doored_altar, serial_glass, glass_columns_b, glass_columns_a,
          uniq_jessica, uniq_crazy_yiuf_cottage
D:3:      nicolae_ru_sacrificial_ziggurat, portal_sewer_entry_b, first_ration
D:4:      grunt_temple_overflow_opulence, evilmike_ruin_ashenzari,
          enter_ossuary_3
D:6:      lemuel_crystal_altar, grunt_ministairs_9, dk_rats_in_the_wall,
          uniq_sigmund, uniq_prince_ribbit1, uniq_pikel
D:7:      minmay_temple_entry_statues_fountains
D:8:      overflow_temple_1_default, gammafunk_temple_overflow_statue,
          kennysheep_mini_moat, hangedman_ranch, hangedman_feature_mirror,
          nrook_pool_corridor, corexii_hall_statues_i
D:9:      serial_shops, shop, enter_bailey_3, lightli_minifort
D:10:     david_lair_generic, uniq_psyche
D:11:     serial_shops, shop, serial_column_ruins, column_ruins_hut,
          column_ruins_hut_ruined, column_ruins_columns_T,
          column_ruins_columns_straight, column_ruins_grid_1,
          column_ruins_columns_straight, column_ruins_open_large,
          column_ruins_columns_straight, uniq_nergalle
D:12:     orc_0_dummy, biasface_ghost_orc_armoury, uniq_sonja, uniq_fannar
D:13:     evilmike_horseshoe, erik_vaults_2, lab_entry_generic
D:14:     serial_ice, serial_ice_k, serial_ice_o, serial_ice_d, serial_ice_a,
          serial_ice_h, serial_ice_f, serial_ice_n, serial_ice_m, serial_ice_b,
          serial_ice_e, serial_shops, kennysheep_little_box, minmay_radiant,
          uniq_frances
D:15:     hangedman_depths_entry_try_elsewhere_first, hangedman_decor_riveting,
          basic_altar
Temple:   hc_temple_tempest_star
Lair:1:   minivault_11
Lair:2:   grunt_megastairs_1
Lair:3:   minmay_shoals_entry_centaurs, minmay_snake_entry_six_corridors,
          special_room
Lair:4:   cheibrodos_lair_reptile_den, lemuel_fruit_fields, serial_bayou_shore_a
Lair:5:   lightli_volcano_entry_magma_tube, basic_altar
Lair:6:   evil_forest, slime_altar_1, serial_forest,
          infiniplex_forest_straight_5, infiniplex_forest_lined_room_,
          infiniplex_forest_corner_1, infiniplex_forest_lined_ring,
          infiniplex_forest_lined_3, infiniplex_forest_zigzag_2,
          infiniplex_forest_lined_3
Shoals:2: ebering_ghost_xom, uniq_kirke
Shoals:3: nicolae_shoals_circle_sea_wall
Shoals:4: shoals_end_hangedman, nicolae_shoals_water_shrine
Snake:1:  serial_shops, nicolae_shop_overgrown_old_shop, basic_altar,
          ebering_ghost_inner_flame, grunt_megastairs_3
Snake:2:  cheibrodos_snake_lava_hold
Snake:3:  minmay_snake_river
Snake:4:  snake_pit, nicolae_alphabet_shops, grunt_megastairs_2,
          lemuel_fruit_tree, serial_bayou_shore_b
Orc:1:    serial_shops
Orc:2:    st_orc_mages
Elf:1:    minmay_elf_arrival_circle, evilmike_minifort
Elf:3:    minmay_elf_hall_circle, serial_shops, shop, solitary_fountain,
          hex_intersection, uniq_nikola
Vaults:1: vaults_room_door_hall, v_pattern_4, v_misc_12, st_more_cells,
          nicolae_vaults_network_square, vaults_room_corners,
          nicolae_vaults_yaktaur_gun_rack, mu_enter_wizlab_7
Vaults:2: gammafunk_vaults_ghost_split, vaults_room_fancy_cross,
          v_alt_pattern_1, hangedman_vaults_impose,
          nicolae_vaults_quartermaster, vaults_standard_mumra_enter_the_diamond,
          minmay_crypt_entry_simple_round, vaults_dpeg_encased_lava,
          vaults_room_hallway, serial_shops, shop, uniq_mennas
Vaults:3: v_misc_8, nicolae_vaults_little_squares_2,
          nicolae_vaults_border_crossing, st_star, vaults_dpeg_hooks,
          vaults_room_corners, nicolae_vaults_network_s, v_alt_pattern_6,
          ontoclasm_vaults_bender, v_misc_11, v_rooms_1,
          vaults_room_stairs_pillars, vaults_room_hallway,
          ontoclasm_vaults_gateway
Vaults:4: vaults_standard_mumra_x, st_lines, v_misc_28, v_misc_9,
          hangedman_vaults_locks, nicolae_vaults_what_the_h, grunt_vaults_focal,
          vaults_room_grid, vaults_dpeg_diagonal, serial_ice_g,
          hangedman_vaults_trim
Crypt:1:  weyrava_lich_vault
Crypt:2:  roderic_lattice_octagonal_star
Crypt:3:  lightli_unholy_cathedral,
          nicolae_tomb_entry_unfolded_pyramid_orthogonal, st_shrine_of_skulls
Lab:      labyrinth_glass_1, labyrinth_lava_lair, nicolae_lab_flowing_pool
Sewer:    sewer_co_purgy_island
Ossuary:  ossuary_zaba_flooded
Bailey:   bailey_axe_1, bailey
Volcano:  pf_volcano_lost_world
WizLab:   wizlab_lehudib
